 Dungeon Crawl Stone Soup version 0.29.0-4-gdea44cf6ec (webtiles) character file.

Game seed: 13935922319687716824

3469 qw the Cleaver (level 10, 0/60 HPs)
             Began as a Tengu Warper on Aug 29, 2022.
             Was an Elder of Okawaru.
             Collided with a rock wall (16 damage)
             ... caused by Erica
             ... on level 8 of the Dungeon.
             The game lasted 00:00:43 (6774 turns).

qw the Cleaver (Tengu Warper)                       Turns: 6774, Time: 00:00:43

Health: 0/60       AC: 15    Str: 18    XL:     10   Next: 6%
Magic:  14/14      EV: 10    Int: 14    God:    Okawaru [****..]
Gold:   439        SH:  0    Dex: 14    Spells: 13/13 levels left

rFire   . . .      SeeInvis .   u - +2 broad axe
rCold   + . .      Faith    .   (no shield)
rNeg    . . .      Spirit   .   b - +1 plate armour
rPois   +          Reflect  .   (helmet restricted)
rElec   .          Harm     .   (no cloak)
rCorr   .          Rampage  .   (no gloves)
Will    .....                   (boots unavailable)
Stlth   ..........              l - amulet of regeneration
HPRegen 1.00/turn               f - ring "Tuvi" {rC+ Str+3 Slay+4}
MPRegen 0.14/turn               j - ring of poison resistance

@: about to teleport, heroic, flying quickly and evasively, quick
A: beak, talons 3, nimble flight, mutation resistance 1
a: Renounce Religion, Heroism, Finesse


You were on level 8 of the Dungeon.
You worshipped Okawaru.
Okawaru was greatly pleased with you.
You visited 2 branches of the dungeon, and saw 9 of its levels.
You also visited: Ossuary.

You collected 439 gold pieces.


Innate Abilities, Weirdness & Mutations

You have a beak for a mouth.
You have claws for feet.
Your magical nature lets you fly swiftly and evasively.
You are somewhat resistant to further mutation.


   Skills:
 - Level 5.8(10.8) Fighting
 + Level 11.2(16.2) Axes
 - Level 3.0(8.0) Throwing
 - Level 5.2(10.2) Armour
 - Level 3.7(8.7) Dodging
 - Level 2.0 Spellcasting
 - Level 2.4 Translocations
 + Level 4.2 Invocations


You had 13 spell levels left.
You didn't know any spells.
Your spell library contained the following spells:

 Spells                   Type           Power      Damage    Failure   Level
 Blink                    Tloc           16%        N/A       96%         2
 Gell's Gravitas          Tloc           8%         N/A       99%         3
 Lesser Beckoning         Tloc           8%         N/A       99%         3
 Teleport Other           Tloc           8%         N/A       99%         3
 Manifold Assault         Tloc           8%         N/A       100%        5

Inventory:

Hand Weapons
 e - a +0 flail
 u - a +2 broad axe (weapon)
Armour
 b - a +1 plate armour (worn)
Jewellery
 f - the ring "Tuvi" (left hand) {rC+ Str+3 Slay+4}
   (You acquired it on level 2 of the Dungeon)

   [ring of slaying]

   Str:       It affects your strength (+3).
   Slay:      It affects your accuracy & damage with ranged weapons and melee
   (+4).
   rC:        It protects you from cold.
 j - a ring of poison resistance (right hand)
 l - an amulet of regeneration (around neck)
 Y - a ring of resist corrosion
Scrolls
 a - a scroll of teleportation
 h - 4 scrolls of identify
Potions
 c - a potion of magic
 d - 2 potions of resistance
 g - a potion of heal wounds
 i - a potion of mutation
 k - 6 potions of curing
 t - a potion of might

Dungeon Overview and Level Annotations

Branches:
Dungeon (8/15)             Temple (1/1) D:4         Ossuary (visited)
   Lair: D:8-11

Altars:
Ashenzari
Cheibriados
Dithmenos
Elyvilon
Fedhas
Gozag
Hepliaklqana
Kikubaaqudgha
Makhleb
Nemelex Xobeh
Okawaru
Qazlal
Ru
Sif Muna
Trog
Vehumet
Wu Jian
Yredelemnul
Zin
The Shining One

Annotations:
D:8 Erica


Message History

The orc warrior is heavily wounded.
The orc warrior barely misses you.
You slash the orc warrior!
You kill the orc warrior!
Okawaru accepts your kill.
The gnoll zaps a wand.
You suddenly lose the ability to move!
The gnoll shouts!
The gnoll zaps a wand.
You easily resist.
The electric eel shoots out a bolt of lightning at you!
The bolt of electricity hits you.
The electric eel shoots out a bolt of lightning at you!
The bolt of electricity hits you but does no damage.
Erica hits you with a +2 scimitar of flaming!
Erica burns you. The orc hits you but does no damage.
You can move again.
You closely miss Erica. You peck Erica.
Erica is lightly wounded.
You closely miss the orc.
Erica hits you with a +2 scimitar of flaming!
Erica burns you. The orc hits you but does no damage.
You slash Erica! You claw Erica. You peck Erica.
Erica is moderately wounded.
You hit the orc.
Erica screams, "Coming here was suicide!
For you!"
Erica hits you with a +2 scimitar of flaming.
Erica burns you. The orc hits you with a +0 war axe.
6773 ||| READING 2 scrolls of teleportation.
As you read the scroll of teleportation, it crumbles to dust.
You feel strangely unstable.
The electric eel shoots out a bolt of lightning at you!
The bolt of electricity misses you. The orc misses you.
Erica hits you with a +2 scimitar of flaming.
Erica burns you.
The gnoll zaps a wand.
You easily resist.
6774 ||| DRINKING 2 potions of heal wounds.
You feel much better. Erica gestures at you while chanting.
The lance of force hits you!
You are knocked back by the lance of force.
You slam into the rock wall!
You die...

.~..........##
.~.....(.....
.~~........#
..~~~......#
#..g~.#@o..#
#.gS.(...#
##g~.#...##
#g~ #%.<.# #..
#@.### #..
##.# .. #.# .
#.# #.# #.#
..# ##


You could see Erica and an orc.

Vanquished Creatures
  Pikel (D:7)
  A wyvern (D:8)
  Sigmund (D:2)
  2 wraiths (Ossuary)
  2 steam dragons
  An orc warrior (D:8)
  4 ice beasts
  A sky beast (D:6)
  3 ogres
  A centaur (D:7)
  3 phantoms
  A bullfrog (D:7)
  A kobold brigand (D:6)
  A necrophage (D:7)
  3 wights (Ossuary)
  2 howler monkeys
  A jelly (D:7)
  5 hounds
  An orc priest (D:6)
  2 gnoll boudas
  Ijyb (D:3)
  3 iguanas
  An orc wizard (D:6)
  11 gnolls
  7 adders
  An ufetubus (D:3)
  2 adder zombies (Ossuary)
  3 worms
  6 dart slugs
  12 orcs
  3 bats
  3 endoplasms (D:3)
  4 giant cockroaches
  2 hobgoblins
  10 jackals
  11 kobolds
  4 quokkas
  5 ball pythons
  A ball python skeleton (Ossuary)
  3 frilled lizards
  7 goblins
  A hobgoblin skeleton (Ossuary)
  A hobgoblin zombie (Ossuary)
  2 kobold zombies (Ossuary)
  2 orc zombies (Ossuary)
  6 rats
149 creatures vanquished.

Notes
Turn   | Place    | Note
-------+----------+-------------------------------------------
     0 | D:1      | qw the Tengu Warper began the quest for the Orb.
     0 | D:1      | Reached XP level 1. HP: 12/12 MP: 4/4
     0 | D:1      | 0 ||| qw: Version: 0.1-a-89-g26bdef1
     0 | D:1      | 0 ||| qw: Game counter: 3452
     0 | D:1      | 0 ||| qw: Always use a shield: true
     0 | D:1      | 0 ||| qw: God list: Okawaru
     0 | D:1      | 0 ||| qw: Allow faded altars: false
     0 | D:1      | 0 ||| qw: Do Orc after D:15 true
     0 | D:1      | 0 ||| qw: Do second Lair branch before Depths: true
     0 | D:1      | 0 ||| qw: Lair rune preference: random
     0 | D:1      | 0 ||| qw: Plans: Normal
     0 | D:1      | 0 ||| PLANNING D:1-11
   151 | D:1      | Reached XP level 2. HP: 17/17 MP: 6/6
   167 | D:1      | Reached skill level 3 in Axes
   537 | D:1      | Found a faded altar of an unknown god.
   936 | D:1      | 936 ||| READING scroll labelled AXZIPNOZXEPS.
   937 | D:1      | 937 ||| READING scroll labelled JEH VEINONIKHE.
   938 | D:1      | 938 ||| READING scroll labelled GURAYCR MOAREU.
   939 | D:1      | 939 ||| READING scroll labelled HYQIRIWEL.
   940 | D:1      | 940 ||| READING scroll labelled JEAGGIYSSY.
   943 | D:1      | 943 ||| DROPPING scroll of blinking.
   968 | D:2      | 968 ||| STAIRDANCE
  1039 | D:2      | Reached XP level 3. HP: 15/21 MP: 7/7
  1039 | D:2      | 1039 ||| FLEEEEING.
  1040 | D:2      | 1040 ||| FLEEEEING.
  1041 | D:2      | 1041 ||| FLEEEEING.
  1042 | D:2      | 1042 ||| FLEEEEING.
  1043 | D:2      | 1043 ||| FLEEEEING.
  1044 | D:2      | 1044 ||| FLEEEEING.
  1046 | D:2      | 1046 ||| FLEEEEING.
  1047 | D:2      | 1047 ||| FLEEEEING.
  1048 | D:2      | 1048 ||| FLEEEEING.
  1049 | D:2      | 1049 ||| FLEEEEING.
  1050 | D:2      | 1050 ||| FLEEEEING.
  1051 | D:2      | 1051 ||| FLEEEEING.
  1052 | D:2      | 1052 ||| FLEEEEING.
  1055 | D:2      | 1055 ||| FLEEEEING.
  1056 | D:2      | 1056 ||| FLEEEEING.
  1057 | D:2      | 1057 ||| FLEEEEING.
  1058 | D:2      | 1058 ||| FLEEEEING.
  1059 | D:2      | 1059 ||| STAIRDANCE
  1113 | D:1      | 1113 ||| READING scroll labelled HIMNOU OPIUNGUI.
  1120 | D:2      | Reached skill level 4 in Axes
  1120 | D:2      | 1120 ||| STAIRDANCE
  1461 | D:2      | Noticed Sigmund
  1468 | D:2      | Killed Sigmund
  1469 | D:2      | Reached skill level 6 in Axes
  1469 | D:2      | Reached XP level 4. HP: 15/26 MP: 8/8
  1469 | D:2      | Gained mutation: Your magical nature lets you fly swiftly
                  | and evasively. [Tengu growth]
  1469 | D:2      | Reached XP level 5. HP: 17/30 MP: 9/9
  1530 | D:2      | 1530 ||| FLEEEEING.
  1714 | D:2      | 1714 ||| Stepping ~*~*~tactically~*~*~ (stealth).
  1731 | D:2      | 1731 ||| DROPPING +0 whip.
  1758 | D:2      | Reached XP level 6. HP: 25/35 MP: 10/10
  1769 | D:2      | 1769 ||| FLEEEEING.
  1770 | D:2      | 1770 ||| FLEEEEING.
  1771 | D:2      | 1771 ||| FLEEEEING.
  1772 | D:2      | 1772 ||| FLEEEEING.
  1773 | D:2      | 1773 ||| FLEEEEING.
  1774 | D:2      | 1774 ||| FLEEEEING.
  1775 | D:2      | 1775 ||| FLEEEEING.
  1776 | D:2      | 1776 ||| FLEEEEING.
  1777 | D:2      | 1777 ||| FLEEEEING.
  1778 | D:2      | 1778 ||| FLEEEEING.
  1794 | D:2      | 1794 ||| FLEEEEING.
  1795 | D:2      | 1795 ||| STAIRDANCE
  1902 | D:1      | 1902 ||| READING scroll labelled JYRCHEQ LURAOR.
  1903 | D:1      | 1903 ||| DRINKING 3 bubbling clear potions.
  1916 | D:2      | 1916 ||| STAIRDANCE
  2573 | D:2      | 2573 ||| Stepping ~*~*~tactically~*~*~ (hiding).
  2784 | D:2      | 2784 ||| DROPPING scarf of invisibility.
  2785 | D:2      | 2785 ||| UPGRADING to amulet of regeneration.
  2790 | D:2      | 2790 ||| READING scroll labelled BORUOL KOGAGO.
  2807 | D:2      | 2807 ||| READING scroll labelled LENEXZEQOU.
  2807 | D:2      | Identified a scroll of acquirement
  2807 | D:2      | 2807 ||| ACQUIRING ring "Tuvi" {rC+ Str+3 Slay+4}
  2807 | D:2      | Acquired the ring "Tuvi" {rC+ Str+3 Slay+4}
  2809 | D:2      | 2809 ||| UPGRADING to ring "Tuvi" {rC+ Str+3 Slay+4}.
  2810 | D:2      | 2810 ||| READING scroll labelled GIMAERH WENE.
  2811 | D:2      | 2811 ||| READING scroll labelled ALAUSE DOJEO.
  2812 | D:2      | 2812 ||| Stepping randomly (stuck).
  2813 | D:2      | 2813 ||| Stepping ~*~*~tactically~*~*~ (cloud).
  2963 | D:3      | Reached skill level 7 in Axes
  2992 | D:3      | 2992 ||| Stepping ~*~*~tactically~*~*~ (stealth).
  3024 | D:3      | Found a bloodstained altar of Trog.
  3025 | D:3      | 3025 ||| SWAPPING to +0 broad axe.
  3026 | D:3      | 3026 ||| DROPPING +1 hand axe.
  3099 | D:3      | Found an ancient bone altar of Kikubaaqudgha.
  3416 | D:3      | Noticed Ijyb
  3422 | D:3      | Killed Ijyb
  3499 | D:3      | 3499 ||| UPGRADING to +0 scale mail.
  3509 | D:3      | 3509 ||| DROPPING +0 leather armour.
  3510 | D:3      | 3510 ||| DROPPING +0 ring mail.
  3511 | D:3      | 3511 ||| UPGRADING to ring of resist corrosion.
  3512 | D:3      | 3512 ||| READING scroll labelled NATHREU HANIN.
  3513 | D:3      | 3513 ||| DRINKING 2 sedimented orange potions.
  3514 | D:3      | 3514 ||| DRINKING 2 fizzy golden potions.
  3615 | D:3      | 3615 ||| DRINKING 2 golden potions.
  3616 | D:3      | 3616 ||| READING 3 scrolls of identify.
  3616 | D:3      | 3616 ||| IDENTIFYING bubbling white potion
  3617 | D:3      | 3617 ||| READING 2 scrolls of identify.
  3617 | D:3      | 3617 ||| IDENTIFYING glowing grey potion
  3618 | D:3      | 3618 ||| DROPPING potion of magic.
  3619 | D:3      | 3619 ||| DROPPING potion of ambrosia.
  3620 | D:3      | 3620 ||| DROPPING potion of flight.
  3634 | D:4      | 3634 ||| PLANNING OSSUARY
  3635 | D:4      | 3635 ||| STAIRDANCE
  3640 | D:4      | 3640 ||| STAIRDANCE
  3646 | D:3      | Reached skill level 3 in Fighting
  3670 | D:4      | 3670 ||| STAIRDANCE
  3691 | D:4      | Found a staircase to the Ecumenical Temple.
  3692 | D:4      | 3692 ||| PLANNING TEMPLE
  3696 | Temple   | Entered the Ecumenical Temple
  3810 | Temple   | Became a worshipper of Warmaster Okawaru
  3884 | Temple   | 3884 ||| PLANNING OSSUARY
  3997 | D:4      | 3997 ||| READING scroll of enchant weapon.
  3997 | D:4      | 3997 ||| ENCHANTING +0 broad axe.
  4104 | D:4      | Found a glowing silver altar of Zin.
  4105 | D:4      | 4105 ||| Stepping ~*~*~tactically~*~*~ (stealth).
  4315 | D:4      | Found a sand-covered staircase.
  4316 | D:4      | 4316 ||| DROPPING orb of mayhem.
  4317 | D:4      | 4317 ||| READING 2 scrolls of identify.
  4317 | D:4      | 4317 ||| IDENTIFYING bubbling sapphire potion
  4318 | D:4      | 4318 ||| DROPPING potion of berserk rage.
  4322 | Ossuary  | Entered an ossuary
  4389 | Ossuary  | Reached XP level 7. HP: 35/41 MP: 11/11
  4421 | Ossuary  | Noticed a flying skull
  4421 | Ossuary  | Noticed a wraith
  4430 | Ossuary  | Noticed a flying skull
  4442 | Ossuary  | Noticed a flying skull
  4444 | Ossuary  | 4444 ||| READING scroll of enchant weapon.
  4444 | Ossuary  | 4444 ||| ENCHANTING +1 broad axe.
  4448 | Ossuary  | Noticed a flying skull
  4463 | Ossuary  | Reached skill level 8 in Axes
  4485 | Ossuary  | Noticed a wraith
  4490 | Ossuary  | Killed a wraith
  4490 | Ossuary  | Reached * piety under Okawaru
  4491 | Ossuary  | Reached skill level 3 in Throwing
  4613 | Ossuary  | 4613 ||| INVOKING Heroism.
  4653 | Ossuary  | Noticed a wraith
  4656 | Ossuary  | 4656 ||| INVOKING Heroism.
  4658 | Ossuary  | Killed a wraith
  4659 | Ossuary  | Reached skill level 1 in Invocations
  4659 | Ossuary  | Reached XP level 8. HP: 33/46 MP: 9/12
  4772 | Ossuary  | 4772 ||| DRINKING 3 clear potions.
  4819 | Ossuary  | 4819 ||| READING 4 scrolls of identify.
  4819 | Ossuary  | 4819 ||| IDENTIFYING purple potion
  4820 | Ossuary  | 4820 ||| READING 3 scrolls of identify.
  4820 | Ossuary  | 4820 ||| IDENTIFYING yellow potion
  4821 | Ossuary  | 4821 ||| READING 2 scrolls of identify.
  4821 | Ossuary  | 4821 ||| IDENTIFYING bubbling golden potion
  4822 | Ossuary  | 4822 ||| DROPPING potion of invisibility.
  4823 | Ossuary  | 4823 ||| DROPPING potion of degeneration.
  4824 | Ossuary  | 4824 ||| DROPPING 2 potions of lignification.
  4825 | Ossuary  | 4825 ||| DROPPING potion of attraction.
  4874 | D:4      | 4874 ||| PLANNING D:1-11
  4874 | D:4      | 4874 ||| READING scroll of teleportation.
  4881 | D:5      | Entered Level 5 of the Dungeon
  4922 | D:5      | 4922 ||| Stepping ~*~*~tactically~*~*~ (stealth).
  4960 | D:5      | 4960 ||| INVOKING Heroism.
  4985 | D:5      | 4985 ||| Stepping ~*~*~tactically~*~*~ (stealth).
  4987 | D:5      | 4987 ||| Stepping ~*~*~tactically~*~*~ (hiding).
  4991 | D:5      | 4991 ||| INVOKING Heroism.
  4996 | D:5      | Reached skill level 9 in Axes
  4996 | D:5      | Reached skill level 3 in Invocations
  5282 | D:5      | 5282 ||| UPGRADING to +0 plate armour.
  5292 | D:5      | 5292 ||| DROPPING +0 scale mail.
  5293 | D:5      | 5293 ||| READING scroll labelled COJUF ROAPOM.
  5394 | D:5      | 5394 ||| READING scroll labelled RIULICWEIDO.
  5395 | D:5      | 5395 ||| READING scroll labelled DUSEHE WETOB.
  5396 | D:5      | 5396 ||| READING 3 scrolls of identify.
  5396 | D:5      | 5396 ||| IDENTIFYING pink potion
  5427 | D:6      | 5427 ||| INVOKING Heroism.
  5479 | D:6      | 5479 ||| INVOKING Heroism.
  5488 | D:6      | Reached ** piety under Okawaru
  5489 | D:6      | Reached skill level 3 in Armour
  5495 | D:6      | 5495 ||| Stepping ~*~*~tactically~*~*~ (stealth).
  5496 | D:6      | 5496 ||| Stepping ~*~*~tactically~*~*~ (stealth).
  5497 | D:6      | 5497 ||| Stepping ~*~*~tactically~*~*~ (stealth).
  5504 | D:6      | 5504 ||| FLEEEEING.
  5530 | D:6      | 5530 ||| Stepping ~*~*~tactically~*~*~ (hiding).
  5538 | D:6      | 5538 ||| Stepping ~*~*~tactically~*~*~ (stealth).
  5706 | D:6      | 5706 ||| INVOKING Heroism.
  5822 | D:6      | Reached XP level 9. HP: 51/52 MP: 13/13
  5829 | D:6      | 5829 ||| INVOKING Heroism.
  5983 | D:6      | 5983 ||| Stepping ~*~*~tactically~*~*~ (stealth).
  6034 | D:7      | 6034 ||| STAIRDANCE
  6036 | D:6      | 6036 ||| INVOKING Heroism.
  6053 | D:7      | 6053 ||| STAIRDANCE
  6079 | D:7      | Reached skill level 10 in Axes
  6086 | D:7      | Noticed Pikel
  6087 | D:7      | 6087 ||| Stepping ~*~*~tactically~*~*~ (stealth).
  6088 | D:7      | 6088 ||| INVOKING Heroism.
  6089 | D:7      | 6089 ||| Stepping ~*~*~tactically~*~*~ (stealth).
  6092 | D:7      | Killed Pikel
  6092 | D:7      | Reached *** piety under Okawaru
  6172 | D:7      | 6172 ||| READING scroll of enchant armour.
  6172 | D:7      | 6172 ||| ENCHANTING +0 plate armour.
  6191 | D:7      | 6191 ||| Stepping ~*~*~tactically~*~*~ (hiding).
  6385 | D:7      | 6385 ||| INVOKING Heroism.
  6391 | D:7      | Reached skill level 11 in Axes
  6412 | D:7      | Identified the +2 leather armour of Dyspraxia {rPois rF-
                  | Int+5}
  6466 | D:7      | Found a glowing golden altar of the Shining One.
  6708 | D:7      | 6708 ||| UPGRADING to ring of poison resistance.
  6710 | D:7      | 6710 ||| DRINKING 2 cyan potions.
  6710 | D:7      | Gained mutation: You are somewhat resistant to further
                  | mutation. [potion of mutation]
  6729 | D:8      | 6729 ||| INVOKING Heroism.
  6731 | D:8      | 6731 ||| Stepping ~*~*~tactically~*~*~ (stealth).
  6732 | D:8      | 6732 ||| Stepping ~*~*~tactically~*~*~ (stealth).
  6738 | D:8      | Reached skill level 3 in Dodging
  6741 | D:8      | Reached XP level 10. HP: 48/60 MP: 12/14
  6758 | D:8      | 6758 ||| INVOKING Heroism.
  6759 | D:8      | Reached **** piety under Okawaru
  6762 | D:8      | Noticed Erica
  6765 | D:8      | Paralysed by a gnoll for 5 turns
  6772 | D:8      | HP: 15/60 [Erica/+2 scimitar of flaming (6)]
  6773 | D:8      | 6773 ||| READING 2 scrolls of teleportation.
  6773 | D:8      | HP: 7/60 [Erica/+2 scimitar of flaming (2)]
  6774 | D:8      | 6774 ||| DRINKING 2 potions of heal wounds.
  6774 | D:8      | Collided with a rock wall

Levels and vault maps discovered:
D:1:      dpeg_arrival_rhombus, layout_basic,
          dreamdust_ecumenical_altar_statues, minivault_5,
          kennysheep_another_room, nicolae_kite_square_tiling_tiny,
          minmay_misc_feat_cross, minmay_tromino_v4_c
D:2:      layout_loops_ring, minmay_misc_feat_roman, patterned_corridor,
          uniq_sigmund
D:3:      layout_loops_cross, mainiacjoe_overflow_alcove_1,
          trog_three_pillars_becter, uniq_ijyb
D:4:      layout_cave_pools, lemuel_round_altar, minmay_temple_entry_trees,
          enter_ossuary_5
D:5:      layout_rooms
D:6:      layout_rooms
D:7:      layout_loops_ring, tso_oasis_becter, uniq_pikel
D:8:      layout_cave_pools, dancing_weapons_uskayaw, serial_gnoll_camp,
          gnoll_camp_mini_hut, gnoll_camp_huts_moat, gnoll_camp_mini_hut,
          gnoll_camp_medium_01, grunt_decor_junction, minmay_misc_feat_tower,
          minmay_misc_feat_rows, uniq_erica
Temple:   eino_temple_scatter_basement

Skill      XL: |  1  2  3  4  5  6  7  8  9 10 |
---------------+-------------------------------+-----
Axes           | 3 6 7 8 9 11 | 11.2
Fighting       | 3 4 5 |  5.8
Throwing       | 3 |  3.0
Invocations    | 1 4 |  4.2
Armour         | 4 5 |  5.2
Dodging        | 3 |  3.7
Spellcasting   | |  2.0
Translocations | |  2.4

Action                   |  1- 3 |  4- 6 |  7- 9 | 10-12 || total
-------------------------+-------+-------+-------+-------++-------
Melee: Hand axe          |    48 |    62 |       |       ||   110
       Kick              |    14 |    30 |    39 |     2 ||    85
       Peck              |     6 |    17 |    25 |     2 ||    50
       Broad axe         |       |    47 |   131 |    10 ||   188
       Punch             |       |       |     3 |       ||     3
Throw: Boomerang         |     7 |       |       |       ||     7
       Javelin           |       |    28 |    30 |     1 ||    59
Invok: Heroism           |       |       |    12 |     1 ||    13
  Use: Scroll            |     6 |    10 |    10 |     1 ||    27
       Potion            |       |     4 |     2 |     1 ||     7
Armor: Leather armour    |     7 |     8 |       |       ||    15
       Scale mail        |       |    15 |     9 |       ||    24
       Plate armour      |       |       |    33 |     9 ||    42
Dodge: Dodged            |    21 |    55 |    46 |     4 ||   126

Table legend:
 A = Non-vault XP
 B = Vault XP
 C = Vault XP percentage of total XP
 D = Non-vault monster count
 E = Vault monster count
 F = Vault count percentage of total count
                 A         B        C        D         E       F
            +---------+---------+-------+---------+---------+-------
      Total |    3425 |    1532 |  30.9 |     129 |      20 |  13.4
            +---------+---------+-------+---------+---------+-------
        D:1 |      13 |       2 |  13.3 |       8 |       1 |  11.1
        D:2 |     148 |     210 |  58.7 |      31 |       1 |   3.1
        D:3 |      96 |      38 |  28.4 |      22 |       1 |   4.3
        D:4 |      76 |       0 |   0.0 |      15 |       0 |   0.0
        D:5 |     406 |       0 |   0.0 |      10 |       0 |   0.0
        D:6 |    1286 |       0 |   0.0 |      24 |       0 |   0.0
        D:7 |     866 |     607 |  41.2 |      15 |       1 |   6.2
        D:8 |     534 |      42 |   7.3 |       4 |       2 |  33.3
    Ossuary |       0 |     633 | 100.0 |       0 |      14 | 100.0
            +---------+---------+-------+---------+---------+-------
